 Dungeon Crawl Stone Soup version 0.20.1-1-g8b1a95d (webtiles) character file.

438 vineage the Chopper (level 6, 0/72 HPs)
             Began as a Demonspawn Berserker on Aug 13, 2017.
             Was a Believer of Trog.
             Slain by a worm (5 damage)
             ... on level 5 of the Dungeon.
             The game lasted 00:05:48 (2477 turns).

vineage the Chopper (Demonspawn Berserker)          Turns: 2477, Time: 00:05:49

Health: 0/72       AC: 14    Str: 27    XL:     6   Next: 69%
Magic:  6/6        EV: 11    Int:  8    God:    Trog [**....]
Gold:   177        SH:  3    Dex: 12    Spells: 5/5 levels left

rFire    . . .     SeeInvis .   a - +0 hand axe
rCold    + . .     Gourm    .   s - +0 buckler
rNeg     . . .     Faith    .   u - +4 scale mail "Vunau" {rC+ MR+}
rPois    .         Spirit   .   (helmet restricted)
rElec    .         Reflect  .   (no cloak)
rCorr    .         Harm     .   k - +2 pair of gloves
MR       +....     Rnd*Tele +   (no boots)
Stlth    ..........             (no amulet)
Regen    0.3/turn               (no ring)
MPRegen  0.1/turn               (no ring)

@: berserking, lethally poisoned (0 -> -3), quick
A: horns 2, demonic guardian 1, strong 1, teleportitis 1
a: Berserk, Trog's Hand, Burn Spellbooks, Renounce Religion


You were on level 5 of the Dungeon.
You worshipped Trog.
Trog was pleased with you.
You were not hungry.

You visited 1 branch of the dungeon, and saw 5 of its levels.

You collected 177 gold pieces.

Inventory:

Hand Weapons
 a - a +0 hand axe (weapon)
Armour
 b - a +0 animal skin
 g - a +0 ring mail of poison resistance
 k - a +2 pair of gloves (worn)
 s - a +0 buckler (worn)
 u - the +4 scale mail "Vunau" (worn) {rC+ MR+}
   (You found it on level 4 of the Dungeon)

   It protects you from cold.
   It affects your resistance to hostile enchantments.
Wands
 h - a wand of flame (8/48)
 y - a wand of random effects (20/48)
Scrolls
 d - 4 scrolls of teleportation {unknown}
 e - 2 scrolls of remove curse {unknown}
 i - 3 scrolls of enchant weapon {unknown}
 j - a scroll of magic mapping {unknown}
 l - 2 scrolls of recharging {unknown}
 o - a scroll of immolation {unknown}
 p - 2 scrolls of amnesia {unknown}
 r - a scroll of enchant armour {unknown}
 t - a scroll of random uselessness {unknown}
 v - 2 scrolls of blinking {unknown}
 x - 2 scrolls of fog {unknown}
Potions
 f - 2 potions of flight
 m - a potion of ambrosia
Comestibles
 c - 6 bread rations
 n - 2 meat rations
 w - a royal jelly


   Skills:
 + Level 4.0 Fighting
 + Level 5.0 Axes
 + Level 3.3 Armour
 + Level 3.2 Dodging
 + Level 0.2 Stealth
 + Level 0.3 Shields


You had 5 spell levels left.
You didn't know any spells.

Dungeon Overview and Level Annotations

Branches:
Dungeon (5/15)
 Temple: D:4-7

Altars:
Ashenzari
Fedhas
Qazlal


Innate Abilities, Weirdness & Mutations

You have a pair of horns on your head.
A weak demonic guardian rushes to your aid.
Your muscles are strong. (Str +2)
You are occasionally teleported next to monsters.


Message History

You block the river rat's attack.
You closely miss the phantom. Your headbutt misses the phantom.
The phantom is moderately damaged.
You closely miss the river rat. You slash the worm!
You feel sick. The phantom misses you.
Your shadow imp splashes around in the water.
The worm bites you but does no damage.
Your unstable footing causes you to fumble your attack.
You block the river rat's attack. The phantom barely misses you.
You slash the phantom! You headbutt the phantom!
The phantom is almost destroyed.
You hit the river rat.
You kill the river rat!
Trog accepts your kill.
Your Axes skill increases to level 5!
You hit the worm.
You feel sick.
Your shadow imp completely misses the phantom.
Your unstable footing causes you to fumble your attack.
The phantom blinks!
The rat bites you but does no damage. The worm bites you.
You die...

#. ### #( #≈≈ #..
#≈# ##.. #≈#
#..≈≈Ww# #!..≈#w#
#...≈rw# #....#@#
#...≈†5#
#....≈≈#########
#......†........
.#
#......#..!.....
#.#
#......#........
#.#
#....#.#.#......
#.#
#....#.#.#......
#.#
......#.#.##.....
#.#


You could see a phantom, 3 worms, a rat and a friendly shadow imp.

Vanquished Creatures
  A sky beast (D:5)
  A centaur (D:5)
  A bullfrog skeleton (D:4)
  An orc wizard (D:4)
  2 worker ants
  5 adders
  A river rat (D:5)
  An ooze (D:1)
  An adder skeleton (D:3)
  3 dart slugs
  2 leopard geckos
  2 orcs (D:4)
  2 bats
  3 giant cockroaches
  5 goblins
  2 hobgoblins
  3 jackals (D:3)
  5 kobolds
  3 ball pythons
  6 frilled lizards
  A rat (D:5)
51 creatures vanquished.

Vanquished Creatures (collateral kills)
  2 hounds (D:4)
  Ijyb (D:3)
  An orc wizard (D:4)
  A worker ant (D:4)
  An adder (D:3)
  A river rat (D:5)
  An orc (D:4)
  A rat (D:5)
9 creatures vanquished.

Grand Total: 60 creatures vanquished

Notes
Turn   | Place    | Note
-------+----------+-------------------------------------------
     0 | D:1      | vineage the Demonspawn Berserker began the quest for the Orb.
     0 | D:1      | Reached XP level 1. HP: 18/18 MP: 1/1
   234 | D:1      | Gained mutation: A weak demonic guardian rushes to your aid. [demonic ancestry]
   234 | D:1      | Reached XP level 2. HP: 19/24 MP: 2/2
   263 | D:1      | Reached skill level 3 in Axes
   964 | D:2      | Gained mutation: You have a pair of small horns on your head. [demonic ancestry]
   964 | D:2      | Reached XP level 3. HP: 29/29 MP: 3/3
  1221 | D:3      | Found a faded altar of an unknown god.
  1245 | D:3      | Gained mutation: Your muscles are strong. (Str +2) [potion of mutation]
  1245 | D:3      | Gained mutation: You are occasionally teleported next to monsters. [potion of mutation]
  1245 | D:3      | Gained mutation: You tend to lose your temper in combat. [potion of mutation]
  1245 | D:3      | Lost mutation: You tend to lose your temper in combat. [potion of mutation]
  1437 | D:3      | Noticed Ijyb
  1471 | D:3      | Killed Ijyb
  1557 | D:3      | Reached ** piety under Trog
  1589 | D:3      | Gained mutation: You have a pair of horns on your head. [demonic ancestry]
  1589 | D:3      | Reached XP level 4. HP: 35/35 MP: 4/4
  1825 | D:4      | Reached XP level 5. HP: 30/42 MP: 5/5
  1902 | D:4      | Got an ancient scale mail
  1913 | D:4      | Identified the +4 scale mail "Vunau" {rC+ MR+} (You found it on level 4 of the Dungeon)
  1963 | D:4      | Reached skill level 4 in Axes
  2000 | D:4      | Found a blossoming altar of Fedhas.
  2000 | D:4      | Found a stormy altar of Qazlal.
  2293 | D:4      | Found a shattered altar of Ashenzari.
  2358 | D:5      | Entered Level 5 of the Dungeon
  2434 | D:5      | Noticed a sky beast
  2441 | D:5      | Killed a sky beast
  2441 | D:5      | Reached XP level 6. HP: 46/48 MP: 6/6
  2476 | D:5      | Reached skill level 5 in Axes
  2477 | D:5      | Slain by a worm

Skill      XL: |  1  2  3  4  5  6 |
---------------+-------------------+-----
Armour         | 2 3 |  3.3
Axes           | 3 4 5 |  5.0
Dodging        | 2 3 |  3.2
Fighting       | 4 |  4.0
Stealth        | |  0.2
Shields        | |  0.3

Action                   |  1- 3 |  4- 6 || total
-------------------------+-------+-------++-------
Melee: Hand axe          |   108 |    92 ||   200
       Headbutt          |     4 |    16 ||    20
  Use: Scroll            |     2 |       ||     2
       Potion            |     4 |     1 ||     5
 Stab: Distracted        |       |     1 ||     1
  Eat: Chunk             |     2 |     1 ||     3
       Royal jelly       |       |     1 ||     1
Armor: Ring mail         |    39 |    21 ||    60
       Animal skin       |     3 |       ||     3
       Scale mail        |       |    44 ||    44
Dodge: Dodged            |    67 |    66 ||   133
Block: Buckler           |     5 |    12 ||    17
